 Seeded DCSS version 0.30.1 (webtiles) character file.

Game seed: 6351066067085065685 (custom seed)

216 Esekla the Grave Robber (level 5, -3/28 HPs)
             Began as a Deep Elf Necromancer on July 7, 2023.
             Was a Follower of Vehumet.
             Slain by a gnoll bouda
             ... wielding a +0 club
              (8 damage)
             ... on level 4 of the Dungeon.
             The game lasted 00:12:49 (2541 turns).

Esekla the Grave Robber (Deep Elf Necromancer)      Turns: 2541, Time: 00:12:49

Health: -3/28      AC:  3    Str:  5    XL:     5   Next: 61%
Magic:  3/13       EV: 13    Int: 22    God:    Vehumet [*.....]
Gold:   162        SH:  0    Dex: 18    Spells: 7/12 levels left

rFire   . . .        l - +5 rapier of the Hero {heavy, rN+ Dex+3}
rCold   . . .        (no shield)
rNeg    + . .        a - +0 robe
rPois   .            (no helmet)
rElec   .            (no cloak)
rCorr   .            i - +0 pair of gloves
SInv    .            (no boots)
Will    .....        (no amulet)
Stlth   +++          (no ring)
HPRegen 0.24/turn    (no ring)
MPRegen 0.13/turn

%: no passive effects
@: weakened
A: no striking features
a: Renounce Religion


You were on level 4 of the Dungeon.
You worshipped Vehumet.
Vehumet was aware of your devotion.
You visited 1 branch of the dungeon, and saw 4 of its levels.

You collected 162 gold pieces.

Inventory:

Hand Weapons
 l - the +5 rapier of the Hero (weapon) {heavy, rN+ Dex+3}
   (You found it on level 3 of the Dungeon)

   Dex:       It affects your dexterity (+3).
   rN:        It protects you from negative energy.
 r - a +0 trident
Missiles
 q - 9 poisoned darts (quivered)
 u - a throwing net
Armour
 a - a +0 robe (worn)
 i - a +0 pair of gloves (worn)
Wands
 g - a wand of roots (9)
Scrolls
 e - a scroll of fear {unknown}
 f - 3 scrolls of identify {unknown}
 k - a scroll of immolation {unknown}
 o - a scroll of fog {unknown}
 p - a scroll of blinking {unknown}
 s - a scroll of amnesia {unknown}
 t - a scroll of enchant armour {unknown}
 v - a scroll of silence {unknown}
Potions
 b - a potion of magic
 c - a potion of haste {unknown}
 d - a potion of ambrosia {unknown}
 h - 2 potions of curing {unknown}
 j - 2 potions of attraction {unknown}
 m - a potion of heal wounds {unknown}
 n - 2 potions of brilliance {unknown}


   Skills:
 + Level 1.5 Short Blades
 * Level 3.4 Dodging
 + Level 3.7 Stealth
 * Level 4.4 Spellcasting
 * Level 0.7 Conjurations
 * Level 6.3 Necromancy


You had 7 spell levels left.
You knew the following spells:

 Your Spells              Type           Power      Damage    Failure   Level
a - Magic Dart            Conj           28%        1d4       9%          1
b - Necrotise             Necr           100%       1d9       1%          1
d - Vampiric Draining     Necr           32%        2d8       2%          3

Your spell library contained the following spells:

 Spells                   Type           Power      Damage    Failure   Level
 Animate Dead             Necr           32%        N/A       8%          4
 Lesser Beckoning         Tloc           8%         N/A       16%         2
 Agony                    Necr           32%        N/A       22%         5
 Gell's Gravitas          Tloc           4%         N/A       32%         3
 Teleport Other           Tloc           4%         N/A       32%         3


Dungeon Overview and Level Annotations

Branches:
Dungeon (4/15)
 Temple: D:4-7

Altars:
Hepliaklqana
Qazlal
Trog
Vehumet

Shops:
D:2 =

Annotations:
D:2 black bear


Message History

The gnoll bouda closely misses you.
Casting: Vampiric Draining (dangerous; 2% risk of failure)
Confirm with . or Enter, or press ? or * to list all spells.
Aiming: Vampiric Draining (dangerous; 2% risk of failure)
Press: ? - help, Shift-Dir - straight line, f - gnoll
Aim: a gnoll, wielding a +0 whip (covering ground quickly)
You draw life force from the gnoll!
You feel life coursing into your body. The gnoll barely misses you.
The gnoll bouda completely misses you.
Casting: Vampiric Draining (dangerous; 2% risk of failure)
Confirm with . or Enter, or press ? or * to list all spells.
Aiming: Vampiric Draining (dangerous; 2% risk of failure)
Press: ? - help, Shift-Dir - straight line, f/p - gnoll
Aim: a gnoll, wielding a +0 whip (severely wounded, covering ground quickly)
You draw life force from the gnoll!
You kill the gnoll!
Vehumet accepts your kill.
You feel your power returning.
You feel life coursing into your body.
The gnoll bouda hits you with a +0 club!
* * * LOW HITPOINT WARNING * * *
The gnoll closely misses you.
Casting: Vampiric Draining (dangerous; 2% risk of failure)
Confirm with . or Enter, or press ? or * to list all spells.
Aiming: Vampiric Draining (dangerous; 2% risk of failure)
Press: ? - help, Shift-Dir - straight line, f - gnoll
Aim: a gnoll, wielding a +0 club (covering ground quickly)
You draw life force from the gnoll!
You feel life coursing into your body.
The gnoll bouda hits you but does no damage.
The gnoll hits you with a +0 club!
* * * LOW HITPOINT WARNING * * *
Casting: Vampiric Draining (dangerous; 2% risk of failure)
Confirm with . or Enter, or press ? or * to list all spells.
Aiming: Vampiric Draining (dangerous; 2% risk of failure)
Press: ? - help, Shift-Dir - straight line, f/p - gnoll
Aim: a gnoll, wielding a +0 club (heavily wounded, covering ground quickly)
You draw life force from the gnoll!
You kill the gnoll!
Vehumet accepts your kill.
You feel your power returning.
You feel life coursing into your body.
The gnoll bouda hits you with a +0 club!
You die...

.....####.##......†......
.....####.##.....##......
.........................
..........##....##.......
..........##....##.......
##g..g....#..............
#.....o..#..............
########)# ...........
#....@g# ...........
..........# #.........#
..........# .......#.+#
............
.............
...............
...............
...#..?.......#


You could see a gnoll bouda.

Vanquished Creatures
  A hound (D:3)
  An iguana (D:2)
  8 gnolls
  3 adders
  3 dart slugs
  7 orcs
  6 ball pythons
  4 bats
  4 endoplasms
  8 goblins
  4 hobgoblins
  A quokka (D:1)
  4 frilled lizards
  4 kobolds
  A rat (D:1)
59 creatures vanquished.

Notes
Turn   | Place    | Note
-------+----------+-------------------------------------------
     0 | D:1      | Esekla the Deep Elf Necromancer began the quest for the
                  | Orb.
     0 | D:1      | Reached XP level 1. HP: 10/10 MP: 6/6
   147 | D:1      | Reached skill level 5 in Necromancy
   252 | D:1      | Reached XP level 2. HP: 15/15 MP: 8/8
   390 | D:4      | Found a radiant altar of Vehumet.
   394 | D:4      | Became a worshipper of Vehumet
   561 | D:3      | Identified the +5 rapier of the Hero {heavy, rN+ Dex+3}
   650 | D:2      | Found Renulab's Jewellery Shop.
   848 | D:1      | Reached XP level 3. HP: 18/19 MP: 9/9
   855 | D:1      | Learned a level 3 spell: Vampiric Draining
  1269 | D:2      | Found a faded altar of an unknown god.
  1285 | D:2      | Reached XP level 4. HP: 15/24 MP: 7/11
  1419 | D:2      | Noticed a black bear
  1613 | D:2      | Reached * piety under Vehumet
  1613 | D:2      | Offered knowledge of Magic Dart by Vehumet.
  1614 | D:2      | Reached skill level 6 in Necromancy
  1616 | D:2      | Learned a level 1 spell: Magic Dart
  1829 | D:3      | Reached skill level 1 in Short Blades
  2023 | D:3      | Found a stormy altar of Qazlal.
  2025 | D:3      | Found a bloodstained altar of Trog.
  2027 | D:3      | Found a hazy altar of Hepliaklqana.
  2041 | D:3      | Reached XP level 5. HP: 16/28 MP: 2/13
  2540 | D:4      | HP: 1/28 [gnoll/+0 club[a gnoll bouda] (8)]
  2541 | D:4      | Slain by a gnoll bouda

Illustrated notes

Levels and vault maps discovered:
D:1:      sevenhm_arrival_forest_fort_small_3, layout_rooms,
          chequers_serial_rivers_room_b, minmay_misc_feat_five
D:2:      layout_loops_ring, dreamdust_ecumenical_altar_angels_and_demons,
          serial_shops, shop
D:3:      layout_basic, grunt_temple_overflow_open, minmay_misc_feat_iff
D:4:      layout_basic, nicolae_overflow_quartered_altars, serial_shops,
          nicolae_diamond_shop

Skill      XL: |  1  2  3  4 |
---------------+-------------+-----
Necromancy     | 5 6 |  6.3
Stealth        | 3 |  3.7
Dodging        | 3 |  3.4
Short Blades   | 1 |  1.5
Spellcasting   | 4 |  4.4
Conjurations   | |  0.7

Action                     |  1- 3 |  4- 6 || total
---------------------------+-------+-------++-------
  Melee: Unarmed           |     9 |       ||     9
         Short sword       |     7 |       ||     7
         Dagger            |     6 |       ||     6
         Rapier            |    34 |    34 ||    68
         Punch             |       |     1 ||     1
   Cast: Vampiric Draining |     3 |    14 ||    17
   Stab: Sleeping          |     7 |     5 ||    12
         Distracted        |       |     1 ||     1
 Armour: Robe              |    11 |     7 ||    18
  Dodge: Dodged            |    29 |    30 ||    59
